 Dungeon Crawl Stone Soup version 0.22.1-1-ga44c0e56f4 (webtiles) character file.

122546 Gargoyl the Cleaver (level 16, -1/150 HPs)
             Began as a Centaur Abyssal Knight on Oct 19, 2018.
             Was a High Priest of Lugonu.
             Slain by a swamp dragon (19 damage)
             ... called by a spriggan druid
             ... on level 3 of the Swamp on Oct 20, 2018.
             The game lasted 01:36:42 (52019 turns).

Gargoyl the Cleaver (Centaur Abyssal Knight)       Turns: 52019, Time: 01:36:43

Health: -1/150     AC: 38    Str: 19    XL:     16   Next: 34%
Magic:  23/23      EV: 11    Int: 15    God:    Lugonu [*****.]
Gold:   387        SH:  5    Dex: 16    Spells: 15/15 levels left

rFire    . . .     SeeInvis .   a - +5 hand axe (flame)
rCold    . . .     Gourm    .   D - +0 buckler
rNeg     . . .     Faith    .   C - +5 ring mail of Gozag's Brutal Revenge {rPois Int+4 Dex+4}
rPois    +         Spirit   .   J - +2 helmet
rElec    .         Reflect  .   T - +0 cloak
rCorr    .         Harm     .   s - +0 pair of gloves
MR       +....     Clarity  +   d - +2 centaur barding
Stlth    ..........             R - amulet of the acrobat
HPRegen  0.35/turn              t - +5 ring of protection
MPRegen  0.18/turn              u - +5 ring of protection

@: very quick
A: large, hooves 3, clarity, deformed body, speed 2, low mp 1, mutation
resistance 1, sense surroundings 1, robust 1, tough skin 3
a: Depart the Abyss, Bend Space, Banish, Corrupt, Enter the Abyss, Renounce
Religion


You were on level 3 of the Swamp.
You worshipped Lugonu.
Lugonu was extremely pleased with you.
You were not hungry.

You visited 4 branches of the dungeon, and saw 26 of its levels.
You visited the Abyss 6 times.

You collected 2217 gold pieces.
You spent 1830 gold pieces at shops.

Inventory:

Hand Weapons
 a - a +5 hand axe of flaming (weapon)
 A - a +4 war axe
 H - a +1 hand axe of venom
 I - a +4 war axe
 S - a +2 broad axe of chopping
Missiles
 o - 17 tomahawks (quivered)
 M - 6 javelins
Armour
 d - a +2 centaur barding (worn)
 s - a +0 pair of gloves (worn)
 C - the +5 ring mail of Gozag's Brutal Revenge (worn) {rPois Int+4 Dex+4}
   (You found it on level 2 of the Lair of Beasts)

   It affects your intelligence (+4).
   It affects your dexterity (+4).
   It protects you from poison.
 D - a +0 buckler (worn)
 J - a +2 helmet (worn)
 T - a +0 cloak (worn)
Jewellery
 t - a +5 ring of protection (left hand)
 u - a +5 ring of protection (right hand)
 B - an uncursed ring of see invisible
 K - an uncursed ring of protection from magic
 R - an amulet of the acrobat (around neck)
 X - an uncursed ring of stealth
Wands
 r - a wand of polymorph (22)
 E - a wand of flame (32)
 L - a wand of scattershot (3)
 P - a wand of acid (13)
 Q - a wand of iceblast (5)
Scrolls
 b - 4 scrolls of magic mapping
 e - a scroll of fear
 j - 6 scrolls of amnesia
 n - 6 scrolls of teleportation
 y - 2 scrolls of fog
 O - a scroll of holy word
 W - 3 scrolls of remove curse
Potions
 f - 2 potions of might
 h - a potion of mutation
 i - 4 potions of agility
 k - a potion of resistance
 l - 3 potions of brilliance
 m - a potion of heal wounds
 p - 2 potions of ambrosia
 q - a potion of berserk rage {unknown}
 v - 3 potions of haste
 w - 2 potions of curing
 x - 4 potions of flight
 z - 3 potions of invisibility
 F - a potion of magic
 G - a potion of cancellation
Miscellaneous
 N - a sack of spiders
 U - a lightning rod (4/4)
 V - a phial of floods
Comestibles
 c - 18 rations
 g - 6 chunks of flesh


   Skills:
 + Level 11.2 Fighting
 + Level 14.2 Axes
 + Level 6.0 Throwing
 * Level 12.0 Armour
 + Level 7.0 Dodging
 + Level 4.9 Shields
 * Level 13.6 Invocations


You had 15 spell levels left.
You didn't know any spells.
Your spell library contained the following spells:

 Spells                   Type           Power        Failure   Level  Hunger
 Beastly Appendage        Tmut           #.....       38%         1    ##.....
 Confusing Touch          Hex            #.....       38%         1    ##.....
 Freeze                   Ice            #...         38%         1    ##.....
 Shock                    Conj/Air       #...         38%         1    ##.....
 Summon Small Mammal      Summ           #...         38%         1    ##.....
 Call Imp                 Summ           #.......     52%         2    ###....
 Passwall                 Tmut/Erth      #.......     52%         2    ###....
 Sticks to Snakes         Tmut           #.......     52%         2    ###....
 Swiftness                Chrm/Air       #.......     52%         2    ###....
 Throw Frost              Conj/Ice       #.....       52%         2    ###....
 Call Canine Familiar     Summ           #.......     77%         3    ####...
 Confuse                  Hex            #.......     77%         3    ####...
 Gell's Gravitas          Tloc           #.........   77%         3    ####...
 Ozocubu's Armour         Chrm/Ice       #.......     77%         3    ####...
 Spider Form              Tmut/Pois      #.........   77%         3    ####...
 Static Discharge         Conj/Air       #.......     77%         3    ####...
 Summon Guardian Golem    Hex/Summ       #.......     77%         3    ####...
 Airstrike                Air            #.........   99%         4    #####..
 Ice Form                 Ice/Tmut       #.......     99%         4    #####..
 Passage of Golubria      Tloc           N/A          99%         4    #####..
 Petrify                  Tmut/Erth      #.......     99%         4    #####..
 Summon Ice Beast         Ice/Summ       #.......     99%         4    #####..
 Summon Lightning Spire   Summ/Air       #.......     99%         4    #####..
 Throw Icicle             Conj/Ice       #.......     99%         4    #####..
 Blade Hands              Tmut           #.........   100%        5    ######.
 Irradiate                Conj/Tmut      #.........   100%        5    ######.
 Lee's Rapid Deconstruct  Erth           #.........   100%        5    ######.
 Lightning Bolt           Conj/Air       #.........   100%        5    ######.
 Metabolic Englaciation   Hex/Ice        #.........   100%        5    ######.
 Venom Bolt               Conj/Pois      #.........   100%        5    ######.
 Yara's Violent Unravell  Hex/Tmut       #.........   100%        5    ######.
 Bolt of Cold             Conj/Ice       #.........   100%        6    #######
 Darkness                 Hex            #.........   100%        6    #######
 Freezing Cloud           Conj/Ice/Air   #.........   100%        6    #######
 Hydra Form               Tmut           #.........   100%        6    #######
 Invisibility             Hex            #.......     100%        6    #######
 Ozocubu's Refrigeration  Ice            #.........   100%        6    #######
 Simulacrum               Ice/Necr       #.........   100%        6    #######
 Statue Form              Tmut/Erth      #........    100%        6    #######
 Dragon Form              Tmut           #.........   100%        7    #######
 Spellforged Servitor     Conj/Summ      #.........   100%        7    #######


Dungeon Overview and Level Annotations

Branches:
Dungeon (15/15)            Temple (0/1) D:4            Lair (6/6) D:8
  Swamp (3/4) Lair:2        Snake (0/4) Lair:3        Slime (0/5) Lair:5
    Orc (2/2) D:11            Elf (0/3) Orc:2        Vaults (0/5) D:13
 Depths (0/5) D:15

Altars:
Dithmenos
Elyvilon
Gozag
Qazlal
Trog
Uskayaw
Wu Jian
Xom
Yredelemnul
Beogh

Shops:
D:5 (   D:10 *   Orc:2 %(([

Annotations:
Lair:3 exclusion: 2 oklob plants
Abyss:1 Agnes; Louise


Innate Abilities, Weirdness & Mutations

You have hooves in place of feet.
Armour fits poorly on your strangely shaped body.
You cover ground very quickly.
You have extremely tough skin. (AC +3)
You possess an exceptional clarity of mind.
Your magical capacity is low. (-10% MP)
You are somewhat resistant to further mutation.
You passively map a small area around you.
You are robust. (+10% HP)


Message History

The alligator is moderately wounded.
You hit the swamp dragon. You burn the swamp dragon.
You block the alligator's attack. The alligator tail-slaps you!
Unknown command.
You hit the alligator. You burn the alligator.
The alligator is moderately wounded.
You barely miss the swamp dragon.
The swamp dragon bites you but does no damage.
The swamp dragon claws you.
* * * LOW HITPOINT WARNING * * *
The swamp dragon tramples you.
* * * LOW HITPOINT WARNING * * *
You hold your ground!
The alligator bites you!!
* * * LOW HITPOINT WARNING * * *
You block the alligator's attack.
You barely miss the alligator. You kick the alligator.
The alligator is heavily wounded.
You hit the swamp dragon. You burn the swamp dragon.
The swamp dragon bites you!!
You die...

,* ♣.......≈...♣ .≈≈.♣♣
♣.≈≈≈....≈≈.♣ ≈≈≈..§
♣≈≈≈≈.♣♣≈≈≈.♣ ≈≈.≈≈..♣
♣.≈≈≈≈≈♣.≈..♣ ** ≈.≈≈≈≈≈
♣♣≈≈≈.....♣♣♣ .:≈≈≈≈.
♣♣♣≈..♣.♣♣ ♣ .≈≈...≈*
♣≈≈♣♣.♣♣≈≈ * *
≈≈≈≈..)♣♣♣♣♣♣ ♣♣♣♣..≈≈≈≈
,
≈≈≈≈.≈D@t♣.≈♣♣♣♣≈.≈≈♣♣≈≈
, ≈≈≈≈≈≈†.?≈≈♣..♣♣.≈≈≈♣♣
≈ *
≈≈≈.≈≈.§...♣♣..≈≈†≈≈≈≈♣♣♣
≈≈§≈≈≈≈≈≈.♣♣.≈≈...≈≈≈≈≈≈
≈
....≈≈≈≈≈)♣♣.≈≈....≈≈≈≈≈
,
≈...≈≈≈≈≈.♣♣♣..§♣≈.≈≈.≈≈
...♣♣.≈≈≈≈♣ ♣♣♣≈≈....≈≈.
≈≈. ♣♣≈≈≈.≈♣≈...≈≈≈≈≈.≈≈
≈. ♣♣♣.≈♣♣.≈≈≈≈≈≈≈≈≈.♣


You could see an alligator and a swamp dragon.

Vanquished Creatures
  A tentacled starspawn (Abyss:3)
  Kirke (D:13)
  2 thorn hunters (Swamp:2)
  The ghost of Duecothri the Severer, a journeyman MiFi of Yredelemnul (Swamp:1)
  A very ugly thing (Swamp:3)
  Snorg (Orc:1)
  Erolcha (D:9)
  9 hydras
  8 vault guards (D:13)
  A catoblepas (Lair:6)
  3 two-headed ogres
  4 centaur warriors
  3 alligators
  6 death yaks
  A tengu warrior (D:15)
  2 orc high priests (Orc:2)
  Sonja (D:12)
  3 skeletal warriors (D:14)
  2 unseen horrors
  4 spriggan druids
  5 swamp dragons
  2 shambling mangroves (Swamp:3)
  A wizard (D:15)
  4 orc knights
  A necromancer (D:15)
  2 ugly things
  7 orc sorcerers
  3 manticores
  A deep elf mage (D:15)
  4 centaur zombies
  5 cyclopes
  3 black mambas
  An eye of devastation (Lair:5)
  A smoke demon (Abyss:3)
  28 spiny frogs
  A gargoyle (D:15)
  2 torpor snails
  2 rime drakes
  A kobold demonologist (D:14)
  A yaktaur (D:15)
  5 komodo dragons
  A tengu conjurer (D:15)
  4 trolls
  Grinder (D:7)
  8 tyrant leeches
  5 bog bodies
  13 hornets
  20 blink frogs
  26 slime creatures
  6 dream sheep (Lair:6)
  A meliai zombie (D:15)
  10 hippogriffs
  3 shadows
  2 centaur simulacra (D:14)
  53 yaks
  A vampire (D:11)
  2 wraiths
  6 redbacks (D:15)
  10 spriggans
  6 wyverns
  A hog (D:13)
  A golden eye (Abyss:2)
  A hungry ghost (D:15)
  Grum (D:8)
  A basilisk (Lair:3)
  15 vampire mosquitoes
  2 nagas (Lair:3)
  3 wargs
  15 insubstantial wisps
  An acid dragon (D:13)
  9 swamp worms
  A soldier ant (D:14)
  11 water moccasins
  7 porcupines
  25 orc warriors
  3 ice beasts
  2 phantoms
  3 black bears
  10 swamp drakes
  An eye of draining (Lair:5)
  3 sky beasts
  A necrophage (D:11)
  11 wolves
  17 ogres
  7 centaurs
  5 crocodiles
  4 big kobolds (D:11)
  28 bullfrogs
  A scorpion (D:12)
  10 killer bees
  8 wights
  6 howler monkeys
  2 small abominations
  2 electric eels (Lair:6)
  2 crimson imps (D:12)
  3 bullfrog zombies
  8 hounds
  3 quasits
  3 bullfrog skeletons
  3 jellies
  17 orc priests
  18 orc wizards
  6 centaur skeletons
  3 iguanas
  9 worker ants
  3 hound zombies
  A hound skeleton (D:5)
  A worker ant zombie (D:6)
  4 gnolls
  13 adders
  6 shadow imps
  An adder zombie (D:5)
  3 adder skeletons
  A worm (D:6)
  A dart slug (D:1)
  3 leopard geckos
  73 orcs
  2 giant cockroaches
  10 hobgoblins
  8 jackals
  5 quokkas
  9 bats
  5 frilled lizards
  6 goblins
  A jackal zombie (D:6)
  7 kobolds
  A quokka skeleton (D:4)
  A quokka zombie (D:7)
  5 rats
  11 briar patches (Swamp:2)
  A fungus (Lair:1)
  4 plants
  2 starspawn tentacles (Abyss:3)
794 creatures vanquished.

Vanquished Creatures (others)
  An orc warlord (Orc:1)
  An orc high priest (Orc:1)
  An orc knight (Orc:1)
  An oklob plant (Lair:3)
  A manticore (D:7)
  A spiny frog (Lair:6)
  A komodo dragon (Lair:1)
  4 humans (D:14)
  An acid dragon (D:13)
  An ice beast (D:6)
  2 wights (D:14)
  3 orc priests
  4 briar patches (Swamp:2)
  7 fungi
  47 plants (Lair:6)
  4 starspawn tentacles (Abyss:3)
  2 withered plants (Swamp:1)
82 creatures vanquished.

Grand Total: 876 creatures vanquished

Notes
Turn   | Place    | Note
-------+----------+-------------------------------------------
     0 | Abyss:1  | Gargoyl the Centaur Abyssal Knight began the quest for the
                  | Orb.
     0 | Abyss:1  | Reached XP level 1. HP: 19/19 MP: 2/2
    11 | Abyss:3  | Found a corrupted altar of Lugonu.
    12 | Abyss:3  | Found a corrupted altar of Lugonu.
    20 | Abyss:4  | Noticed a worldbinder
    24 | D:1      | Escaped the Abyss
   113 | D:1      | Reached * piety under Lugonu
   113 | D:1      | Reached skill level 2 in Axes
   113 | D:1      | Reached XP level 2. HP: 25/26 MP: 3/3
   642 | D:1      | Reached XP level 3. HP: 31/31 MP: 4/4
  1002 | D:2      | Reached skill level 1 in Dodging
  1353 | D:2      | Reached ** piety under Lugonu
  1817 | D:3      | Found a basalt altar of Yredelemnul.
  1966 | D:3      | Reached XP level 4. HP: 39/40 MP: 5/5
  2294 | D:3      | Found a shimmering altar of Xom.
  2295 | D:3      | Found a shadowy altar of Dithmenos.
  2673 | D:4      | Found a staircase to the Ecumenical Temple.
  2736 | D:4      | Reached XP level 5. HP: 40/46 MP: 6/6
  2800 | D:4      | Reached skill level 3 in Axes
  2882 | D:4      | Noticed an ogre
  2893 | D:4      | Killed an ogre
  2961 | D:4      | Noticed a phantom
  3066 | D:4      | Reached XP level 6. HP: 46/52 MP: 8/8
  3451 | D:5      | Entered Level 5 of the Dungeon
  3481 | D:5      | Found Ihop's Weapon Shop.
  3523 | D:5      | Reached skill level 4 in Axes
  3798 | D:5      | Reached XP level 7. HP: 56/59 MP: 9/9
  4172 | D:5      | Reached *** piety under Lugonu
  4350 | D:5      | Found a bloodstained altar of Trog.
  5193 | D:6      | Noticed Grinder
  5415 | D:6      | Reached skill level 5 in Axes
  5936 | D:6      | Found a stormy altar of Qazlal.
  5936 | D:6      | Found a hide-covered altar of Uskayaw.
  6062 | D:6      | Noticed a cyclops
  6286 | D:6      | Gained mutation: You possess an exceptional clarity of
                  | mind. [potion of mutation]
  6286 | D:6      | Gained mutation: You passively map a small area around you.
                  | [potion of mutation]
  6286 | D:6      | Gained mutation: You are robust. (+10% HP) [potion of
                  | mutation]
  6286 | D:6      | Gained mutation: You are somewhat resistant to further
                  | mutation. [potion of mutation]
  6289 | D:6      | Killed a cyclops
  6289 | D:6      | Reached XP level 8. HP: 14/73 MP: 11/11
  6648 | D:7      | Noticed a hippogriff
  6680 | D:6      | Killed a hippogriff
  6691 | D:6      | Reached skill level 5 in Armour
  6691 | D:6      | Reached skill level 5 in Invocations
  7229 | D:7      | Paralysed by Grinder for 6 turns
  7255 | D:7      | Killed Grinder
  7255 | D:7      | Reached XP level 9. HP: 65/79 MP: 11/13
  7383 | D:7      | Reached skill level 6 in Axes
  7946 | D:7      | Found an opulent altar of Gozag.
  8193 | D:7      | Noticed a manticore
  8214 | D:7      | HP: 5/120 [manticore (6)]
  8215 | D:7      | Banished a manticore
  8215 | D:7      | Reached skill level 5 in Fighting
  8719 | D:7      | Found an ornate altar of the Wu Jian Council.
  9258 | D:8      | Found a staircase to the Lair.
  9495 | D:8      | Noticed Grum
 10132 | D:8      | Reached **** piety under Lugonu
 10327 | D:8      | Reached XP level 10. HP: 89/89 MP: 14/14
 10390 | D:8      | Reached skill level 7 in Axes
 10399 | D:8      | Killed Grum
 11094 | Lair:1   | Entered Level 1 of the Lair of Beasts
 11107 | Lair:1   | Noticed a spiny frog
 11124 | Lair:1   | Killed a spiny frog
 11726 | Lair:1   | Noticed a spiny frog
 11751 | Lair:1   | Killed a spiny frog
 12561 | Lair:1   | Reached skill level 1 in Throwing
 13319 | Lair:1   | Reached skill level 8 in Axes
 13627 | Lair:2   | Identified the Compendium of the Cankerous Entourage
 13762 | Lair:2   | Reached XP level 11. HP: 62/97 MP: 17/17
 14669 | Lair:2   | Got a steaming ring mail
 14680 | Lair:2   | Identified the +5 ring mail of Gozag's Brutal Revenge
                  | {rPois Int+4 Dex+4} (You found it on level 2 of the Lair of
                  | Beasts)
 15674 | Lair:2   | Found a staircase to the Swamp.
 15938 | Lair:2   | Reached skill level 1 in Shields
 16286 | Lair:2   | Reached skill level 9 in Axes
 16856 | Lair:3   | Noticed an oklob plant
 16856 | Lair:3   | Noticed an oklob plant
 16856 | Lair:3   | Noticed an oklob plant
 16881 | Lair:3   | Banished an oklob plant
 17269 | Lair:3   | Noticed a four-headed hydra
 17277 | Lair:3   | Killed a one-headed hydra
 17443 | Lair:3   | Found a staircase to the Snake Pit.
 18081 | Lair:4   | Reached XP level 12. HP: 39/106 MP: 18/18
 18630 | Lair:4   | Found a white marble altar of Elyvilon.
 18677 | Lair:4   | Noticed a seven-headed hydra
 18689 | Lair:4   | Killed a one-headed hydra
 19756 | Lair:5   | Found a staircase to the Slime Pits.
 20288 | Lair:5   | Reached skill level 10 in Axes
 20292 | Lair:5   | Noticed a death yak
 20293 | Lair:5   | Noticed a death yak
 20294 | Lair:5   | Noticed a death yak
 20337 | Lair:5   | Noticed a death yak
 20338 | Lair:5   | Noticed a death yak
 20364 | Lair:5   | Killed a death yak
 20698 | Lair:4   | Killed a death yak
 20720 | Lair:4   | Killed a death yak
 20919 | Lair:3   | Killed a death yak
 20962 | Lair:4   | Killed a death yak
 20962 | Lair:4   | Reached skill level 10 in Invocations
 21769 | Lair:6   | Entered Level 6 of the Lair of Beasts
 21777 | Lair:6   | Noticed a death yak
 21788 | Lair:6   | Noticed a catoblepas
 21806 | Lair:5   | Killed a death yak
 22176 | Lair:6   | Killed a catoblepas
 22297 | Lair:6   | Reached skill level 10 in Armour
 22780 | Lair:6   | Reached XP level 13. HP: 112/117 MP: 20/20
 23168 | Lair:6   | Reached skill level 11 in Axes
 24940 | Lair:6   | Reached ***** piety under Lugonu
 25653 | D:9      | Noticed Erolcha
 25696 | D:9      | Killed Erolcha
 26615 | D:10     | Entered Level 10 of the Dungeon
 26615 | D:10     | Found Mobi's General Store.
 26632 | D:10     | Bought a scroll of teleportation for 48 gold pieces
 27807 | D:11     | Reached skill level 5 in Dodging
 28062 | D:11     | Noticed Sonja
 28241 | D:11     | Found a staircase to the Orcish Mines.
 29132 | D:11     | Reached skill level 5 in Throwing
 29694 | Orc:1    | Entered Level 1 of the Orcish Mines
 29776 | Orc:2    | Entered Level 2 of the Orcish Mines
 29825 | Orc:2    | Found a staircase to the Elven Halls.
 29837 | Orc:2    | Reached XP level 14. HP: 90/129 MP: 22/22
 30035 | Orc:1    | Reached ****** piety under Lugonu
 30289 | Orc:2    | Noticed an orc warlord
 30344 | Orc:1    | Reached skill level 12 in Axes
 30515 | Orc:1    | Banished an orc warlord
 30886 | Orc:2    | Found a roughly hewn altar of Beogh.
 30959 | Orc:1    | Found a roughly hewn altar of Beogh.
 30964 | Orc:1    | Noticed Snorg
 31016 | Orc:1    | Killed Snorg
 33770 | Orc:2    | HP: 6/129 [orc knight/enchanted great mace (24)]
 34244 | Orc:2    | Found Jetixucorch's Antique Armour Shoppe.
 34244 | Orc:2    | Found Vekhlem's Antique Weapon Shop.
 34244 | Orc:2    | Gained mutation: Your magical capacity is low. (-10% MP) [a
                  | neqoxec]
 34252 | Orc:2    | Found Fudaucs's Antique Weapon Shoppe.
 34252 | Orc:2    | Found Nyisaree's Food Shop.
 34364 | Orc:2    | Bought a glowing hand axe for 222 gold pieces
 34554 | Orc:2    | Bought a glowing plate armour for 780 gold pieces
 34554 | Orc:2    | Bought a runed plate armour for 780 gold pieces
 35245 | D:12     | Cast into level 2 of the Abyss (Sonja)
 35360 | D:12     | Escaped the Abyss
 35835 | D:12     | Cast into level 2 of the Abyss (Sonja)
 35883 | D:12     | Escaped the Abyss
 36124 | D:12     | Cast into level 1 of the Abyss (Sonja)
 36124 | Abyss:1  | Found a corrupted altar of Lugonu.
 36153 | Abyss:1  | Noticed a bone dragon
 36168 | Abyss:2  | Got an iridescent hand axe
 36172 | D:12     | Escaped the Abyss
 36173 | D:12     | Identified the cursed +0 hand axe of Spite {chop, -Tele
                  | rElec rPois rF-} (You found it on level 2 of the Abyss)
 36779 | D:12     | Killed Sonja
 36979 | D:13     | Found a gate to the Vaults.
 38612 | D:14     | Noticed Kirke
 39014 | D:13     | Killed Kirke
 39014 | D:13     | Reached skill level 13 in Axes
 39301 | D:14     | Reached XP level 15. HP: 98/138 MP: 21/21
 39742 | D:14     | Noticed Agnes
 39767 | D:14     | Banished Agnes
 40350 | D:15     | Entered Level 15 of the Dungeon
 40370 | D:14     | Reached skill level 10 in Fighting
 42954 | D:15     | Found a staircase to the Depths.
 43634 | Swamp:1  | Entered Level 1 of the Swamp
 45770 | Swamp:1  | Noticed Louise
 45797 | Swamp:1  | Cast into level 3 of the Abyss (Louise)
 45798 | Abyss:3  | Noticed a tentacled starspawn
 45804 | Abyss:3  | Noticed a tentacled starspawn
 45821 | Abyss:3  | Killed a tentacled starspawn
 45833 | Swamp:1  | Escaped the Abyss
 46124 | Swamp:1  | Found a runed door.
 46124 | Swamp:1  | Noticed Duecothri's ghost (journeyman MiFi)
 46230 | Swamp:1  | Cast into level 2 of the Abyss (Louise)
 46290 | Swamp:1  | Escaped the Abyss
 46315 | Swamp:1  | Banished Louise
 47117 | Swamp:1  | Killed Duecothri's ghost
 47124 | Swamp:1  | Got a brightly glowing flail
 47529 | Swamp:1  | Identified the +1 flail of Sharkskin {vamp, Int+2} (You
                  | found it on level 1 of the Swamp)
 48809 | Swamp:2  | Noticed a thorn hunter
 48834 | Swamp:2  | Reached XP level 16. HP: 128/149 MP: 23/23
 49407 | Swamp:2  | Killed a thorn hunter
 49625 | Swamp:2  | Noticed a thorn hunter
 49651 | Swamp:2  | Killed a thorn hunter
 49651 | Swamp:2  | Reached skill level 14 in Axes
 50322 | Swamp:3  | Paralysed by a hornet for 1 turns
 52019 | Swamp:3  | Slain by a swamp dragon

Skill      XL: |  1  2  3  4  5  6  7  8  9 10 11 12 13 14 15 16 |
---------------+-------------------------------------------------+-----
Axes           | 2 3 4 5 6 8 9 10 11 13 14 | 14.2
Dodging        | 1 2 3 4 5 6 7 |  7.0
Armour         | 2 3 4 5 7 8 9 10 11 12 | 12.0
Fighting       | 4 5 6 8 9 10 11 | 11.2
Invocations    | 3 4 5 6 8 9 10 11 12 13 | 13.6
Throwing       | 1 2 3 5 6 |  6.0
Shields        | 1 2 3 4 |  4.9

Action                   |  1- 3 |  4- 6 |  7- 9 | 10-12 | 13-15 | 16-18 || total
-------------------------+-------+-------+-------+-------+-------+-------++-------
Melee: Hand axe          |   126 |   128 |   476 |   889 |  1419 |   349 ||  3387
       Kick              |    14 |    29 |   110 |   322 |   768 |   145 ||  1388
       War axe           |       |       |       |       |   699 |       ||   699
       Unarmed           |       |       |       |       |     2 |       ||     2
Throw: Javelin           |     2 |     3 |       |    62 |    73 |       ||   140
       Tomahawk          |       |       |       |       |    34 |     1 ||    35
Invok: Depart the Abyss  |     1 |       |       |       |     5 |       ||     6
       Banish            |       |       |     3 |     8 |    10 |       ||    21
       Bend Space        |       |       |     1 |       |     3 |     2 ||     6
  Use: Scroll            |     6 |     5 |     9 |    10 |    23 |     4 ||    57
       Potion            |       |       |     6 |     1 |    14 |     2 ||    23
 Stab: Sleeping          |       |       |       |       |     1 |       ||     1
  Eat: Chunk             |     2 |     4 |    17 |    11 |    36 |       ||    70
       Ration            |       |       |     1 |     8 |    13 |     3 ||    25
Armor: Leather armour    |    51 |       |       |       |       |       ||    51
       Scale mail        |    81 |   120 |   260 |       |       |       ||   461
       Plate armour      |       |       |   138 |   298 |       |       ||   436
       Skin              |       |       |    31 |       |       |       ||    31
       Ring mail         |       |       |       |   324 |  1176 |   187 ||  1687
       Chain mail        |       |       |       |       |       |     2 ||     2
Dodge: Dodged            |    68 |    32 |   141 |   188 |   828 |   112 ||  1369
Block: Buckler           |       |       |       |   122 |   440 |    63 ||   625
